Map: Kairos Junction LE

Players

Grimreaper

  • Race: Protoss Protoss
  • Spawn Location: 5:00

VOD

Have the link to the VOD?

Description

Time

  • Played on: Jan. 20, 2019, 7:59 p.m.
  • Length: 24:24
Show
View Real Time Build Order
Export as new Build Order

Grimreaper Protoss 

Build Orders:  

Get SALT Encoding   

  12  0:03  Probe (Chrono Boost)  
  14  0:20  Probe (Chrono Boost)  
  14  0:37  Probe (Chrono Boost)  
  15  0:42  Pylon  
  15  1:08  Gateway  
  16  1:10  Probe (Chrono Boost)  
  16  1:17  Gateway  
  16  1:27  Probe (Chrono Boost)  
  16  1:28  Assimilator  
  17  1:58  Probe (Chrono Boost)  
  18  2:15  Cybernetics Core  
  18  2:23  Nexus  
  18  2:25  Probe (Chrono Boost)  
  19  2:36  Probe (Chrono Boost)  
  20  2:50  Probe (Chrono Boost)  
  20  2:53  Assimilator  
  21  3:10  Zealot  
  23  3:27  Gateway  
  23  3:38  Pylon  
  23  3:49  Forge  
  23  4:03  Stalker  
  23  4:05  Probe (Chrono Boost)  
  23  4:09  Probe (Chrono Boost)  
  27  4:21  Stalker  
  27  4:22  Probe (Chrono Boost)  
  27  4:24  Probe (Chrono Boost)  
  31  4:33  Zealot  
  31  4:35  Probe (Chrono Boost)  
  31  4:39  Probe (Chrono Boost)  
  35  4:47  Probe (Chrono Boost)  
  35  4:57  Warp Gate  
  36  5:02  Probe (Chrono Boost)  
  36  5:04  Photon Cannon  
  37  5:14  Photon Cannon  
  37  5:21  Photon Cannon  
  37  5:30  Stalker  
  37  5:37  Probe (Chrono Boost)  
  41  5:41  Probe (Chrono Boost)  
  41  5:54  Probe (Chrono Boost)  
  41  5:58  Probe (Chrono Boost)  
  44  6:11  Probe (Chrono Boost)  
  44  6:12  Pylon  
  44  6:15  Probe (Chrono Boost)  
  45  6:28  Probe (Chrono Boost)  
  46  6:36  Pylon  
  46  6:39  Pylon  
  47  6:40  Probe (Chrono Boost)  
  47  6:42  Stalker  
  47  6:44  Protoss Ground Weapons Level 1, Pylon, Probe (Chrono Boost)  
  50  6:52  Pylon  
  51  7:01  Probe (Chrono Boost)  
  51  7:35  Pylon  
  51  7:42  Probe (Chrono Boost)  
  51  7:49  Gateway  
  52  7:51  Gateway  
  52  7:55  Gateway  
  52  7:58  Gateway  
  52  8:01  Gateway  
  52  8:02  Assimilator  
  52  8:06  Assimilator  
  52  8:13  Stalker x3  
  58  8:40  Nexus  
  58  8:47  Pylon  
  58  9:03  Nexus  
  58  9:06  Pylon  
  58  9:28  Probe (Chrono Boost)  
  58  9:29  Photon Cannon  
  60  9:30  Photon Cannon, Probe (Chrono Boost)  
  60  9:45  Probe (Chrono Boost)  
  60  9:47  Stalker, Probe (Chrono Boost)  
  60  9:48  Stalker x4  
  60  9:49  Stalker  
  74  10:02  Probe (Chrono Boost)  
  74  10:04  Probe (Chrono Boost)  
  76  10:15  Twilight Council  
  76  10:21  Photon Cannon  
  76  10:24  Photon Cannon  
  76  10:33  Photon Cannon  
  76  10:35  Probe (Chrono Boost)  
  76  10:37  Photon Cannon  
  77  10:45  Probe (Chrono Boost)  
  79  10:52  Probe (Chrono Boost)  
  79  10:54  Probe (Chrono Boost)  
  80  11:02  Probe (Chrono Boost)  
  80  11:03  Probe (Chrono Boost)  
  80  11:09  Probe (Chrono Boost)  
  84  11:10  Probe (Chrono Boost)  
  84  11:19  Probe (Chrono Boost)  
  86  11:20  Probe (Chrono Boost)  
  86  11:26  Probe (Chrono Boost)  
  86  11:27  Probe (Chrono Boost)  
  88  11:31  Zealot x3  
  88  11:36  Probe (Chrono Boost)  
  88  11:37  Probe (Chrono Boost)  
  96  11:43  Probe (Chrono Boost)  
  96  11:44  Probe (Chrono Boost)  
  98  11:53  Probe x2 (Chrono Boost)  
  101  12:01  Probe (Chrono Boost)  
  102  12:10  Probe (Chrono Boost)  
  102  12:15  Photon Cannon  
  102  12:18  Photon Cannon x2, Probe (Chrono Boost)  
  103  12:30  Photon Cannon  
  103  12:32  Photon Cannon  
  103  12:33  Charge  
  103  12:36  Photon Cannon  
  103  12:41  Zealot  
  103  12:42  Zealot x4  
  103  12:44  Zealot x2  
  103  12:45  Zealot  
  119  13:00  Nexus  
  119  13:04  Protoss Ground Weapons Level 2  
  116  13:46  Unknown  
  116  13:49  Stalker x4  
  110  13:50  Stalker x4  
  86  14:22  Stalker  
  86  14:23  Stalker x5  
  86  14:24  Stalker x2  
  76  14:57  Zealot x4  
  76  14:58  Zealot x4  
  86  15:29  Probe (Chrono Boost)  
  87  15:32  Zealot x4  
  87  15:33  Zealot x4  
  87  15:35  Unknown  
  103  15:46  Probe (Chrono Boost)  
  94  16:04  Photon Cannon  
  94  16:05  Protoss Ground Weapons Level 3  
  94  16:07  Photon Cannon  
  94  16:13  Photon Cannon  
  94  16:14  Photon Cannon  
  94  16:15  Photon Cannon  
  94  16:16  Photon Cannon  
  94  16:28  Pylon  
  94  16:37  Protoss Air Weapons Level 1  
  94  16:44  Sentry x2  
  94  16:45  Sentry  
  101  17:10  Probe (Chrono Boost)  
  101  17:13  Assimilator  
  101  17:20  Assimilator  
  101  17:24  Assimilator  
  101  17:27  Assimilator, Probe (Chrono Boost)  
  102  17:34  Probe (Chrono Boost)  
  102  17:37  Probe (Chrono Boost)  
  104  17:44  Robotics Facility, Probe (Chrono Boost)  
  106  17:51  Robotics Facility, Probe (Chrono Boost)  
  106  17:54  Probe (Chrono Boost)  
  108  18:01  Probe (Chrono Boost)  
  108  18:08  Probe (Chrono Boost)  
  110  18:11  Probe (Chrono Boost)  
  110  18:15  Robotics Facility  
  110  18:19  Pylon  
  110  18:24  Adept x2  
  110  18:25  Adept x5  
  110  18:26  Adept  
  126  18:50  Robotics Facility  
  126  19:04  Pylon  
  126  19:12  Immortal  
  126  19:13  Immortal  
  134  19:22  Immortal  
  138  19:37  Photon Cannon  
  138  19:40  Photon Cannon  
  138  19:45  Photon Cannon  
  138  19:47  Pylon  
  138  19:54  Photon Cannon  
  138  19:57  Photon Cannon  
  138  19:59  Photon Cannon  
  138  20:07  Immortal  
  138  20:08  Photon Cannon, Immortal  
  146  20:13  Robotics Bay  
  146  20:16  Immortal  
  150  20:28  Unknown  
  150  20:29  Unknown  
  123  20:53  Stalker  
  123  20:54  Stalker x5  
  123  20:55  Stalker x2  
  123  20:56  Immortal  
  123  20:57  Immortal  
  93  21:30  Stalker x2  
  93  21:31  Stalker x3  
  93  21:34  Colossus  
  93  21:35  Colossus  
  107  22:04  Stalker x2  
  107  22:05  Stalker x3  
  117  22:18  Blink  
  117  22:20  Pylon  
  111  22:43  Extended Thermal Lance  
  99  22:57  Stalker x5  
  97  23:03  Nexus  
  97  23:04  Immortal  
  97  23:05  Immortal  
  101  23:10  Pylon  
  101  23:12  Pylon  
  101  23:15  Pylon  
  101  23:16  Pylon  
  101  23:28  Photon Cannon  
  97  23:30  Pylon  
  97  23:31  Zealot x2  
  67  24:17  Stalker x2  
  67  24:18  Stalker x3  
Tags
 
Add a new tag
Caveats
  • Supply blocks, unpowered buildings, or Contaminate may cause inaccurate times.
  • Supply counts are checked every 10 seconds.